 Dungeon Crawl Stone Soup version 0.18.1-47-g9310371 (webtiles) character file.

282 khekkus the Firebug (level 6, -10/36 HPs)
             Began as a High Elf Fire Elementalist on June 14, 2016.
             Mangled by an iguana (12 damage)
             ... on level 4 of the Dungeon.
             The game lasted 00:14:49 (3990 turns).

khekkus the Firebug (High Elf Fire Elementalist)    Turns: 3990, Time: 00:14:49

Health: -10/36     AC:  5    Str:  7    XL:     6   Next: 6%
Magic:  6/12       EV: 13    Int: 21    God:
Gold:   169        SH:  0    Dex: 16    Spells: 4 memorised, 2 levels left

rFire  . . .     SeeInvis .     a - +1 dagger (drain)
rCold  . . .     Gourm    .     h - +1 robe
rNeg   . . .     Faith    .     (no shield)
rPois  .         Spirit   .     (no helmet)
rElec  .         Dismiss  .     (no cloak)
rCorr  .         Reflect  .     m - +1 pair of gloves
SustAt .         Harm     .     (no boots)
MR     .....                    (no amulet)
Stlth  ++........               (no ring)
                                (no ring)

@: not resistant to hostile enchantments, unstealthy
A: no striking features
a: no special abilities


You were on level 4 of the Dungeon.
You were not hungry.

You visited 1 branch of the dungeon, and saw 4 of its levels.

You collected 169 gold pieces.

Inventory:

Hand Weapons
 a - a +1 dagger of draining (weapon)
Armour
 h - a +1 robe (worn)
 m - a +1 pair of gloves (worn)
Scrolls
 g - 3 scrolls of identify
Potions
 d - a potion of resistance
 j - a potion of haste
 l - a potion of ambrosia
 q - a potion of heal wounds
Books
 b - a book of Flames

   Spells                             Type                      Level
   a - Flame Tongue                   Conjuration/Fire             1
   b - Throw Flame                    Conjuration/Fire             2
   c - Conjure Flame                  Conjuration/Fire             3
   d - Inner Flame                    Hexes/Fire                   3
   e - Sticky Flame                   Conjuration/Fire             4
   f - Fireball                       Conjuration/Fire             5
Comestibles
 c - 2 bread rations
 f - 4 fruits
 i - a slice of pizza


   Skills:
 - Level 2.1 Dodging
 - Level 2.1 Stealth
 + Level 3.9 Spellcasting
 - Level 4.2 Conjurations
 - Level 4.8 Fire Magic


You had 2 spell levels left.
You knew the following spells:

 Your Spells              Type           Power        Failure   Level  Hunger
a - Flame Tongue          Conj/Fire      ###..        1%          1    None
b - Throw Flame           Conj/Fire      ###...       2%          2    #......
c - Conjure Flame         Conj/Fire      ###.....     6%          3    ###....
d - Sticky Flame          Conj/Fire      ###.....     21%         4    ####...


Dungeon Overview and Level Annotations

Branches:
Dungeon (4/15)
 Temple: D:4-7

Altars:


Message History

The iguana is lightly wounded.
The iguana closely misses you.
Casting: Flame Tongue
Confirm with . or Enter, or press ? or * to list all spells.
Aiming: Flame Tongue
Press: ? - help, Shift-Dir - straight line, f/p - iguana
Aim: an iguana (lightly wounded)
The flame tongue hits the iguana.
The iguana is moderately wounded.
The iguana bites you!
* * * LOW HITPOINT WARNING * * *
Casting: Flame Tongue
Confirm with . or Enter, or press ? or * to list all spells.
Aiming: Flame Tongue
Press: ? - help, Shift-Dir - straight line, f/p - iguana
Aim: an iguana (moderately wounded)
The flame tongue hits the iguana.
The iguana is almost dead.
The iguana bites you!
You die...

.....###...............
.....................####
#....................##..
.........................
.........................
.........................
................########
#.....†......#
..#..l@........#
.......###.##.#..#
......(###.##.#..#
...........##.#.##
.....>.....'.....#
...........##.#.##
.......)...##.#.#
.......#.#.##.#.#
######.#(...#.#


You could see an iguana.

Vanquished Creatures
  An ogre (D:4)
  Natasha (thrice) (D:3)
  3 adders
  3 worms
  A dart slug (D:2)
  A giant gecko (D:4)
  4 orcs (D:3)
  3 ball pythons
  2 giant cockroaches
  13 goblins
  4 hobgoblins
  10 jackals
  14 kobolds
  4 quokkas
  9 bats
  5 giant newts
  9 rats
89 creatures vanquished.

Notes
Turn   | Place    | Note
--------------------------------------------------------------
     0 | D:1      | khekkus the High Elf Fire Elementalist began the quest for the Orb.
     0 | D:1      | Reached XP level 1. HP: 11/11 MP: 4/4
   198 | D:1      | Reached XP level 2. HP: 17/17 MP: 1/6
   287 | D:1      | Learned a level 2 spell: Throw Flame
   798 | D:1      | Reached XP level 3. HP: 21/21 MP: 5/7
   803 | D:1      | Learned a level 3 spell: Conjure Flame
  1972 | D:2      | Reached XP level 4. HP: 27/27 MP: 3/8
  3008 | D:3      | Noticed Natasha
  3029 | D:3      | Killed Natasha
  3353 | D:3      | Reached XP level 5. HP: 31/31 MP: 9/9
  3376 | D:3      | Noticed Natasha
  3383 | D:3      | Killed Natasha
  3468 | D:3      | Noticed Natasha
  3473 | D:3      | Killed Natasha
  3866 | D:4      | Noticed an ogre
  3869 | D:4      | Killed an ogre
  3869 | D:4      | Reached XP level 6. HP: 36/36 MP: 3/12
  3875 | D:4      | Learned a level 4 spell: Sticky Flame
  3990 | D:4      | Mangled by an iguana

Skill      XL: |  1  2  3  4  5 |
---------------+----------------+-----
Conjurations   | 2 3 4 |  4.2
Fire Magic     | 4 |  4.8
Spellcasting   | 3 |  3.9
Dodging        | |  2.1
Stealth        | |  2.1

Action                   |  1- 3 |  4- 6 || total
-------------------------+-------+-------++-------
Melee: Dagger            |     3 |    53 ||    56
 Cast: Flame Tongue      |    74 |    53 ||   127
       Throw Flame       |     1 |     3 ||     4
       Conjure Flame     |     2 |       ||     2
  Use: Scroll            |       |     8 ||     8
 Stab: Sleeping          |       |     5 ||     5
       Distracted        |       |     1 ||     1
  Eat: Chunk             |     4 |     6 ||    10
Armor: Robe              |     2 |     6 ||     8
Dodge: Dodged            |    12 |    46 ||    58
